 Dungeon Crawl Stone Soup version 0.29.1-15-g9cfb28693d (webtiles) character file.

Game seed: 4320313161706168833

1256 croobank the Caller (level 8, -3/58 HPs)
             Began as a Demonspawn Summoner on Mar 4, 2023.
             Slain by a water moccasin (8 damage)
             ... on level 5 of the Dungeon.
             The game lasted 00:15:35 (5136 turns).

croobank the Caller (Demonspawn Summoner)           Turns: 5136, Time: 00:15:35

Health: -3/58      AC: 10    Str:  9    XL:     8   Next: 26%
Magic:  13/23      EV: 13    Int: 22    God:
Gold:   218        SH:  0    Dex: 13    Spells: 6/15 levels left

rFire   . . .      SeeInvis .   b - +4 dagger
rCold   . . .      Faith    .   (no shield)
rNeg    . . .      Spirit   .   a - +0 robe
rPois   .          Reflect  .   c - +2 helmet {Int+3}
rElec   .          Harm     .   (no cloak)
rCorr   .          Rampage  .   (gloves unavailable)
Will    .....                   p - +2 pair of boots
Stlth   +++.......              (no amulet)
HPRegen 0.19/turn               i - ring of magical power
MPRegen 0.18/turn               (no ring)

@: lethally poisoned (-3 -> -7)
A: thin metallic scales 1, demonic magic 2, demonic touch 3
a: no special abilities


You were on level 5 of the Dungeon.
You visited 1 branch of the dungeon, and saw 5 of its levels.

You collected 218 gold pieces.

Inventory:

Hand Weapons
 b - a +4 dagger (weapon)
 g - a +2 vampiric trident
Armour
 a - a +0 robe (worn)
 c - a +2 helmet of intelligence (worn)
 p - a +2 pair of boots (worn)
 t - a +0 kite shield
Jewellery
 h - a ring of fire
 i - a ring of magical power (left hand)
 j - a +6 ring of strength
Scrolls
 k - 3 scrolls of identify {unknown}
 m - a scroll of fear {unknown}
 n - a scroll of torment {unknown}
 o - 2 scrolls of magic mapping {unknown}
 q - a scroll of fog {unknown}
 s - a scroll of teleportation
Potions
 d - a potion of mutation {unknown}
 e - 3 potions of curing {unknown}
 f - 2 potions of brilliance {unknown}
 l - a potion of lignification {unknown}
 r - a potion of heal wounds {unknown}


   Skills:
 + Level 3.5 Fighting
 + Level 4.2 Dodging
 + Level 4.4 Stealth
 + Level 4.3 Spellcasting
 + Level 2.9 Hexes
 + Level 5.8 Summonings


You had 6 spell levels left.
You knew the following spells:

 Your Spells              Type           Power      Damage    Failure   Level
a - Summon Small Mammal   Summ           100%       N/A       1%          1
b - Call Imp              Summ           30%        N/A       1%          2
c - Call Canine Familiar  Summ           30%        N/A       3%          3
d - Summon Guardian Gole  Hex/Summ       24%        N/A       5%          3

Your spell library contained the following spells:

 Spells                   Type           Power      Damage    Failure   Level
 Confusing Touch          Hex            17%        N/A       10%         3
 Portal Projectile        Hex/Tloc       22%        N/A       17%         3
 Summon Lightning Spire   Summ/Air       17%        N/A       32%         4
 Leda's Liquefaction      Hex/Erth       5%         N/A       50%         4
 Yara's Violent Unravell  Hex/Tmut       5%         3d4       85%         5
 Alistair's Intoxication  Tmut/Pois      2%         N/A       96%         5
 Borgnjor's Vile Clutch   Necr/Erth      2%         N/A       96%         5
 Eringya's Noxious Bog    Tmut/Pois      2%         N/A       100%        6
 Enfeeble                 Hex            8%         N/A       100%        7


Dungeon Overview and Level Annotations

Branches:
Dungeon (5/15)
 Temple: D:4-7

Altars:
Ru
Wu Jian

Shops:
D:2 :   D:3 =(=[   D:5 [

Annotations:
D:5 1 runed translucent door, barney's ghost, novice DrTm


Innate Abilities, Weirdness & Mutations

You are partially covered in thin metallic scales. (AC +2)
Spells you cast may paralyse nearby enemies.
Your touch may irresistibly damage your foes and sap their willpower.


Message History

The gnoll is heavily wounded.
The gnoll barely misses something.
The gnoll hits your crimson imp with a +0 flail!
Your crimson imp closely misses the gnoll.
The gnoll completely misses you.
You hit the gnoll.
The gnoll is severely wounded.
The gnoll barely misses something.
The gnoll completely misses your crimson imp.
Your crimson imp barely misses the gnoll.
The gnoll hits you but does no damage.
You puncture the gnoll!
You kill the gnoll!
The gnoll barely misses something.
Your crimson imp hits the gnoll but does no damage.
Your hound closely misses the gnoll.
Your crimson imp misses the gnoll.
Your hound bites the gnoll.
Your hound bites the gnoll.
The gnoll hits your crimson imp with a +0 spear.
The water moccasin bites you but does no damage.
The gnoll attacks as you move away! The gnoll barely misses you.
Your hound disappears in a puff of smoke!
The water moccasin bites you but does no damage.
The gnoll attacks as you move away! The gnoll hits you with a +0 flail!
The water moccasin bites you.
Your crimson imp blinks!
The water moccasin bites you.
You are poisoned.
The water moccasin poisons you!
You feel sick.
The orc priest calls down the wrath of Beogh upon you.
Beogh smites you!
* * * LOW HITPOINT WARNING * * *
Your crimson imp hits the gnoll.
* * * LOW HITPOINT WARNING * * *
You feel sick.
There is a stone staircase leading up here.
* * * LOW HITPOINT WARNING * * *
You feel sick. The water moccasin bites you!
You die...

###. ........ ... #...
##......##.). #...#
........)...
##....#########.# .....
.#......#W$~SSF+.##.....
......).########.#......
#.#.......#........#
#.))......#.........
#...#).##@....#######
.....####.)#S....#.....#
...[###...#.g....#.>.∩.#
...........##5....#.....#
........PP...g....#######
........PP....o.........
......P.P............#
..P.PP.P..........#..##
..P...................#


You could see a water moccasin, a bullfrog (wandering), an orc priest, 2 gnolls
and a friendly crimson imp (summoned).

Vanquished Creatures
  Pikel (D:4)
  An ogre (D:5)
  A phantom (D:4)
  A scorpion (D:4)
  An iguana (D:5)
  An orc priest (D:4)
  2 orc wizards
  3 gnolls (D:5)
  4 adders
  2 worms (D:2)
  6 orcs
  An endoplasm (D:4)
  2 giant cockroaches
  2 hobgoblins
  2 quokkas
  2 ball pythons
  4 bats
  A frilled lizard (D:1)
  5 goblins
  5 kobolds
  2 rats
49 creatures vanquished.

Vanquished Creatures (collateral kills)
  An ogre (D:4)
  A gnoll sergeant (D:5)
  2 orc priests
  7 gnolls
  2 adders (D:2)
  A worm (D:3)
  2 dart slugs (D:1)
  7 orcs
  A bat (D:1)
  7 endoplasms
  3 giant cockroaches
  3 goblins
  2 hobgoblins
  2 jackals (D:1)
  3 kobolds (D:1)
  2 quokkas (D:1)
  2 ball pythons
  A frilled lizard (D:1)
  2 rats
51 creatures vanquished.

Vanquished Creatures (others)
  3 gnolls (D:5)
  12 plants
15 creatures vanquished.

Grand Total: 115 creatures vanquished

Notes
Turn   | Place    | Note
-------+----------+-------------------------------------------
     0 | D:1      | croobank the Demonspawn Summoner began the quest for the
                  | Orb.
     0 | D:1      | Reached XP level 1. HP: 13/13 MP: 3/3
   435 | D:1      | Gained mutation: Your touch may inflict minor irresistible
                  | damage on your foes. [demonic ancestry]
   435 | D:1      | Reached XP level 2. HP: 13/19 MP: 0/5
   438 | D:1      | Learned a level 2 spell: Call Imp
  1171 | D:1      | Gained mutation: Your touch may inflict irresistible damage
                  | on your foes. [demonic ancestry]
  1171 | D:1      | Reached XP level 3. HP: 23/24 MP: 2/6
  1413 | D:1      | Learned a level 3 spell: Call Canine Familiar
  1943 | D:2      | Found a faded altar of an unknown god.
  2264 | D:3      | Gained mutation: You are partially covered in thin metallic
                  | scales. (AC +2) [demonic ancestry]
  2264 | D:3      | Reached XP level 4. HP: 31/31 MP: 1/7
  2284 | D:3      | Reached skill level 1 in Fighting
  2465 | D:3      | Found an ornate altar of the Wu Jian Council.
  2648 | D:3      | Found Ykhlureth's Weapon Shop.
  2843 | D:2      | Gained mutation: Your touch may irresistibly damage your
                  | foes and sap their willpower. [demonic ancestry]
  2843 | D:2      | Reached XP level 5. HP: 33/37 MP: 9/9
  3265 | D:2      | Found Etok Docheu's Book Shoppe.
  3873 | D:2      | Learned a level 3 spell: Summon Guardian Golem
  3944 | D:3      | Found Cosaerou's Jewellery Boutique.
  4081 | D:3      | Found Yliliodd's Jewellery Shoppe.
  4119 | D:3      | Found Xoplioc's Antique Armour Emporium.
  4420 | D:4      | Gained mutation: Spells you cast may paralyse adjacent
                  | enemies. [demonic ancestry]
  4420 | D:4      | Reached XP level 6. HP: 44/44 MP: 10/10
  4512 | D:4      | Reached skill level 1 in Hexes
  4512 | D:4      | Reached skill level 5 in Summonings
  4588 | D:4      | Noticed Pikel
  4596 | D:4      | Killed Pikel
  4597 | D:4      | Reached XP level 7. HP: 46/52 MP: 12/12
  4649 | D:4      | Found a sacrificial altar of Ru.
  4945 | D:5      | Entered Level 5 of the Dungeon
  4946 | D:5      | Found a runed translucent door.
  4956 | D:5      | Gained mutation: Spells you cast may paralyse nearby
                  | enemies. [demonic ancestry]
  4956 | D:5      | Reached XP level 8. HP: 50/58 MP: 14/14
  5022 | D:5      | Found Wefaf's Armour Shoppe.
  5026 | D:5      | Noticed barney's ghost (novice DrTm)
  5136 | D:5      | Slain by a water moccasin

Illustrated notes

Levels and vault maps discovered:
D:1:      tarquinn_simple_flora_water_a, layout_basic
D:2:      layout_basic, serial_shops, nicolae_square_shop,
          shapermc_ecumenical_altar_gd, chequers_big_river
D:3:      layout_loops_cross, dreamdust_divine_triumvirate,
          nzn_wu_jian_contemplation, serial_shops, shop,
          nicolae_shop_bloodbath_and_beyond, shop, nicolae_lakefront_shop,
          st_stairs_11
D:4:      layout_gridville, nicolae_ru_awakened_eye, kennysheep_generic_room_13,
          uniq_pikel
D:5:      layout_cave_pools, temple_green, serial_shops,
          nicolae_take_the_stairs, ebering_ghost_sewer_d, nicolae_grassy_gnolls

Skill      XL: |  1  2  3  4  5  6  7 |
---------------+----------------------+-----
Stealth        | 2 3 4 |  4.4
Dodging        | 2 3 4 |  4.2
Fighting       | 1 3 |  3.5
Spellcasting   | 3 4 |  4.3
Hexes          | 2 |  2.9
Summonings     | 5 |  5.8

Action                   |  1- 3 |  4- 6 |  7- 9 || total
-------------------------+-------+-------+-------++-------
Melee: Unarmed           |     5 |       |       ||     5
       Dagger            |    26 |    72 |    33 ||   131
       Touch             |     7 |    10 |     6 ||    23
       Punch             |       |       |     1 ||     1
 Cast: Summon Small Mamm |    52 |    13 |     9 ||    74
       Call Imp          |     8 |     7 |     5 ||    20
       Call Canine Famil |     3 |     9 |     5 ||    17
       Summon Guardian G |       |       |     2 ||     2
  Use: Potion            |     1 |       |       ||     1
       Scroll            |       |     3 |       ||     3
 Stab: Sleeping          |     2 |     5 |       ||     7
       Distracted        |       |     2 |       ||     2
       Paralysed         |       |     4 |     3 ||     7
Armor: Robe              |    13 |    12 |    14 ||    39
Dodge: Dodged            |    43 |    31 |    33 ||   107
